 Dungeon Crawl Stone Soup version 0.24-a0-251-g44e327ef01 (webtiles) character file.

Game seed: 13790687153963879812

19917 Redear the Nimble (level 12, -5/88 HPs)
             Began as an Octopode Fighter on Apr 17, 2019.
             Was a High Priest of Ru.
             Killed from afar by a deep troll earth mage (49 damage)
             ... with a blast of metal fragments
             ... on level 13 of the Dungeon.
             The game lasted 00:41:50 (16215 turns).

Redear the Nimble (Octopode Fighter)               Turns: 16215, Time: 00:41:51

Health: -5/88      AC:  1    Str: 20    XL:     12   Next: 74%
Magic:  6/12       EV: 19    Int: 22    God:    Ru [*****.]
Gold:   1010       SH: 12    Dex: 14    Spells: 11/11 levels left

rFire    . . .     SeeInvis .   w - +6 dagger of Doom {pierce, Int+6 Stlth-}
rCold    . . .     Gourm    .   b - +0 shield
rNeg     . . .     Faith    .   (helmet restricted)
rPois    .         Spirit   .   (no amulet)
rElec    .         Reflect  .   x - +1 ring of evasion
rCorr    .         Harm     .   m - ring of protection from magic {MR+}
MR       +....                  E - ring of attention (curse)
Stlth    ..........             i - ring of flight {+Fly}
HPRegen  0.24/turn              (no ring)
MPRegen  0.13/turn              (no ring)
                                (no ring)
                                (no ring)

@: mighty, brilliant, exhausted, hasted, lightly drained, very quick
A: almost no armour, stealthy swim, amphibious, 8 rings, constrict 8, camouflage
1, weak 1, gelatinous body 1, inability to use devices, unskilled 1
a: Draw Out Power, Power Leap, Apocalypse, Renounce Religion


You were on level 13 of the Dungeon.
You worshipped Ru.
Ru was extremely pleased with you.
You were near starving.

You visited 2 branches of the dungeon, and saw 14 of its levels.
You also visited: Sewer and Ossuary.

You collected 1010 gold pieces.

Inventory:

Hand Weapons
 p - a +2 dagger of flaming
 w - the +6 dagger of Doom (weapon) {pierce, Int+6 Stlth-}
   (You found it on level 5 of the Dungeon)

   It inflicts extra damage upon your enemies.
   It affects your intelligence (+6).
   It makes you less stealthy.
 y - a +0 dagger of draining
Missiles
 d - 8 javelins (quivered)
 F - 6 tomahawks of returning
 I - 34 bolts
Armour
 b - a +0 shield (worn)
Jewellery
 i - a ring of flight (on tentacle) {+Fly}
 m - a ring of protection from magic (right tentacle) {MR+}
 x - a +1 ring of evasion (left tentacle)
 E - a cursed ring of attention (on tentacle)
Scrolls
 e - a scroll of random uselessness {unknown}
 f - 2 scrolls of enchant weapon {unknown}
 g - 14 scrolls of identify {unknown}
 n - 7 scrolls of amnesia {unknown}
 q - 3 scrolls of blinking {unknown}
 r - 2 scrolls of fog {unknown}
 u - 3 scrolls of fear {unknown}
 v - a scroll of enchant armour {unknown}
 B - a scroll of silence {unknown}
 D - 3 scrolls of magic mapping {unknown}
 G - a scroll of immolation {unknown}
 J - a scroll of acquirement {unknown}
 K - a scroll of brand weapon {unknown}
 N - 5 scrolls of remove curse {@r2}
 T - 2 scrolls of teleportation {@r3}
Potions
 a - a potion of ambrosia {unknown}
 h - 2 potions of agility {Stlth+ Dex+5 EV+5 | @q4}
 j - 2 potions of cancellation {unknown}
 k - 3 potions of degeneration {unknown}
 l - 8 potions of flight
 o - a potion of heal wounds {@q1}
 s - 2 potions of invisibility {unknown}
 t - 2 potions of brilliance {Archmagi Int+5 Wiz++}
 A - 2 potions of mutation {unknown}
 C - a potion of lignification {unknown}
 H - 3 potions of haste
 Q - a potion of curing {@q2}
Comestibles
 z - 27 rations


   Skills:
 + Level 10.5(10.0) Fighting
   Level 7.9(7.5) Long Blades
 + Level 10.5(10.0) Dodging
 + Level 10.5(10.0) Shields


You had 11 spell levels left.
You didn't know any spells.
Your spell library contained the following spells:

 Spells                   Type           Power        Failure   Level  Hunger
 Confusing Touch          Hex            ##....       4%          1    ##.....


Dungeon Overview and Level Annotations

Branches:
Dungeon (13/15)            Temple (1/1) D:4            Lair (0/6) D:11
    Orc (0/2) D:9
 Vaults: D:13-14

Altars:
Ashenzari
Cheibriados
Dithmenos
Elyvilon
Fedhas
Gozag
Hepliaklqana
Kikubaaqudgha
Makhleb
Nemelex Xobeh
Okawaru
Qazlal
Ru
Sif Muna
Trog
Uskayaw
Vehumet
Wu Jian
Xom
Yredelemnul
Zin
The Shining One

Shops:
D:12 }


Innate Abilities, Weirdness & Mutations

You cannot wear most types of armour.
You are very stealthy in the water. (Stealth+)
You are amphibious.
You can wear up to eight rings at the same time.
You can use your tentacles to constrict eight enemies at once.
Your skin changes colour to match your surroundings (Stealth+).
You are weak. (Str -2)
Your rubbery body absorbs attacks. (AC +1, EV +1)
You cannot study or use magical devices.
You are somewhat unskilled. (-1 Apt)


Message History

The skeletal warrior closely misses you.
You hit the skeletal warrior but do no damage.
The skeletal warrior is almost destroyed.
You constrict the skeletal warrior.
A gargoyle comes into view. It is wielding a +0 flail.
You puncture the skeletal warrior!
You destroy the skeletal warrior!
You redirect the centaur warrior's attack!
The centaur warrior shoots an arrow.
The arrow hits the centaur warrior.
You impale the deep troll earth mage!!
You squeeze the deep troll earth mage, but do no damage.
The deep troll earth mage is heavily wounded.
You hit the deep troll earth mage.
You squeeze the deep troll earth mage, but do no damage.
The deep troll earth mage is heavily wounded.
The deep troll earth mage casts a spell at you.
The metal wall shatters!
The blast of metal fragments hits you!!!
Ouch! That really hurt!
You die...

##...##........##
##.###.##...#.#####
.................#
#.#####.#####.###.#
.. ... #?....# #
#.#.(.###)###..#.#
...(.....#.......#
...####.###..#.#
#..cT@# # ###c###
#..!..# #(#.#.#
.9....... (## c#.
#.. #. .. .. ..# #
## ## ##


You could see 2 centaur warriors, a deep troll earth mage and a gargoyle.

Vanquished Creatures
  Nessos (D:12)
  A hydra (D:11)
  A centaur warrior (D:11)
  A skeletal warrior (D:13)
  A deep elf mage (D:12)
  2 ugly things (D:11)
  3 cyclopes
  A centaur zombie (D:11)
  Maurice (D:7)
  Joseph (D:9)
  A freezing wraith (D:13)
  A troll (D:11)
  Prince Ribbit (D:9)
  2 hornets
  A hippogriff (D:7)
  Eustachio (D:5)
  2 wraiths
  15 yaks
  A wyvern (D:9)
  A vampire (D:13)
  A basilisk (D:12)
  3 hungry ghosts
  Menkaure (D:5)
  2 soldier ants (D:8)
  3 wargs (D:9)
  3 porcupines (D:11)
  3 orc warriors
  An eye of draining (D:12)
  5 ice beasts
  5 sky beasts
  4 ogres
  4 phantoms
  3 black bears
  2 centaurs
  5 crocodiles (D:11)
  2 big kobolds
  11 bullfrogs
  2 elf skeletons (D:6)
  A wyvern skeleton (D:7)
  4 scorpions
  27 killer bees
  5 wights (D:11)
  10 howler monkeys
  A crimson imp (D:9)
  A quasit (D:6)
  5 centaur skeletons
  7 orc priests
  6 hounds
  A human zombie (D:6)
  3 jellies
  2 bullfrog skeletons
  A human skeleton (D:6)
  5 iguanas
  10 orc wizards
  8 worker ants
  A hound zombie (D:9)
  A hound skeleton (D:8)
  3 mummies (Ossuary)
  2 worker ant zombies (D:5)
  15 gnolls
  22 adders
  6 shadow imps
  5 oozes
  An adder zombie (D:5)
  An adder skeleton (D:5)
  10 worms
  5 dart slugs
  11 leopard geckos
  30 orcs
  2 ball pythons
  6 giant cockroaches
  9 goblins
  11 hobgoblins
  16 jackals
  5 quokkas
  14 bats
  12 frilled lizards
  5 goblin zombies (Ossuary)
  3 hobgoblin zombies (Ossuary)
  A jackal zombie (D:7)
  4 kobolds
  2 kobold zombies (Ossuary)
  A leopard gecko zombie (D:5)
  An orc skeleton (D:6)
  An orc zombie (D:6)
  A quokka skeleton (D:6)
  6 rats
409 creatures vanquished.

Vanquished Creatures (others)
  A two-headed ogre (D:11)
  A killer bee (D:8)
  A wight (D:11)
  A worker ant (D:11)
  A kobold (D:7)
  A bush (D:11)
  3 fungi (D:11)
  21 plants (D:11)
30 creatures vanquished.

Grand Total: 439 creatures vanquished

Notes
Turn   | Place    | Note
-------+----------+-------------------------------------------
     0 | D:1      | Redear the Octopode Fighter began the quest for the Orb.
     0 | D:1      | Reached XP level 1. HP: 16/16 MP: 1/1
    48 | D:1      | Reached XP level 2. HP: 21/21 MP: 2/2
   613 | D:1      | Reached XP level 3. HP: 24/26 MP: 3/3
  1066 | D:2      | Reached XP level 4. HP: 19/31 MP: 4/4
  1437 | D:2      | Reached skill level 3 in Long Blades
  1437 | D:2      | Reached XP level 5. HP: 5/37 MP: 5/5
  1686 | D:2      | Reached skill level 4 in Shields
  1958 | D:3      | Reached skill level 4 in Fighting
  1958 | D:3      | Reached skill level 4 in Dodging
  2068 | D:3      | Found a glowing drain.
  2095 | Sewer    | Entered a sewer
  2100 | Sewer    | Reached XP level 6. HP: 15/43 MP: 6/6
  3246 | D:3      | Found a deep blue altar of Sif Muna.
  3268 | D:3      | Identified Sif Muna's Handbook of Enchantment
  3344 | D:4      | Found a stormy altar of Qazlal.
  3419 | D:4      | Reached XP level 7. HP: 46/49 MP: 7/7
  3443 | D:4      | Reached skill level 4 in Long Blades
  3618 | D:4      | Found a staircase to the Ecumenical Temple.
  3709 | Temple   | Entered the Ecumenical Temple
  3774 | Temple   | Became a worshipper of Ru the Awakened
  4295 | D:5      | Entered Level 5 of the Dungeon
  4349 | D:5      | Got a fine dagger
  4350 | D:5      | Identified the +6 dagger of Doom {pierce, Int+6 Stlth-}
                  | (You found it on level 5 of the Dungeon)
  4391 | D:5      | Noticed Menkaure
  4399 | D:5      | Killed Menkaure
  4399 | D:5      | Reached skill level 5 in Fighting
  4399 | D:5      | Reached skill level 5 in Dodging
  4399 | D:5      | Reached skill level 5 in Shields
  4873 | D:5      | Reached XP level 8. HP: 52/55 MP: 8/8
  4940 | D:5      | Noticed Eustachio
  4954 | D:5      | Killed Eustachio
  5058 | D:5      | Reached skill level 5 in Long Blades
  5079 | D:5      | Gained mutation: You cannot study or use magical devices.
                  | [Ru sacrifice]
  5079 | D:5      | Reached * piety under Ru
  5079 | D:5      | Reached ** piety under Ru
  5347 | D:6      | Found a sand-covered staircase.
  5401 | Ossuary  | Entered an ossuary
  5401 | Ossuary  | Noticed a wraith
  5401 | Ossuary  | Noticed a wraith
  5401 | Ossuary  | Noticed a wraith
  5586 | Ossuary  | Noticed a wraith
  5609 | Ossuary  | Killed a wraith
  5609 | Ossuary  | Reached skill level 6 in Fighting
  5609 | Ossuary  | Reached skill level 6 in Shields
  5961 | Ossuary  | Reached skill level 6 in Dodging
  6210 | D:6      | Reached XP level 9. HP: 35/63 MP: 9/9
  6514 | D:6      | Reached skill level 6 in Long Blades
  6515 | D:6      | Found a white marble altar of Elyvilon.
  6551 | D:6      | Found a sacrificial altar of Ru.
  7393 | D:7      | Reached skill level 7 in Shields
  7409 | D:7      | Reached skill level 7 in Fighting
  7417 | D:7      | Reached skill level 7 in Dodging
  8237 | D:8      | Noticed Maurice
  8248 | D:7      | Killed Maurice
  8248 | D:7      | Reached skill level 7 in Long Blades
  8248 | D:7      | Reached XP level 10. HP: 48/71 MP: 10/10
  9218 | D:7      | HP: 7/72 [something (6)]
  9219 | D:7      | HP: 2/72 [something (5)]
  9224 | D:7      | HP: 7/72 [sky beast (3)]
  9224 | D:7      | HP: 2/72 [sky beast (5)]
  9248 | D:7      | Gained mutation: You are weak. (Str -2) [Ru sacrifice]
  9248 | D:7      | Reached *** piety under Ru
  9443 | D:7      | Reached skill level 8 in Shields
  9458 | D:7      | Reached skill level 8 in Fighting
  9570 | D:7      | Reached skill level 8 in Dodging
 10379 | D:8      | Reached skill level 8 in Long Blades
 10493 | D:9      | Noticed Prince Ribbit
 10500 | D:9      | Killed Prince Ribbit
 10769 | D:9      | Noticed Joseph
 10779 | D:9      | Killed Joseph
 10880 | D:9      | Reached XP level 11. HP: 60/78 MP: 11/11
 10998 | D:9      | Found a bloodstained altar of Trog.
 11033 | D:9      | Reached skill level 9 in Fighting
 11033 | D:9      | Reached skill level 9 in Shields
 11078 | D:9      | Reached skill level 9 in Dodging
 11371 | D:9      | Found a staircase to the Orcish Mines.
 11375 | D:9      | Gained mutation: You are somewhat unskilled. (-1 Apt) [Ru
                  | sacrifice]
 11375 | D:9      | Reduced skill Fighting to level 8
 11375 | D:9      | Reduced skill Long Blades to level 7
 11375 | D:9      | Reduced skill Dodging to level 8
 11375 | D:9      | Reduced skill Shields to level 8
 11375 | D:9      | Reached **** piety under Ru
 11375 | D:9      | Reached ***** piety under Ru
 11509 | D:10     | Entered Level 10 of the Dungeon
 12160 | D:11     | Noticed an eight-headed hydra
 12274 | D:11     | Found a shimmering altar of Xom.
 12274 | D:11     | Noticed a centaur warrior
 12591 | D:11     | Noticed a purple ugly thing
 12613 | D:11     | Killed a purple ugly thing
 12893 | D:11     | Killed a centaur warrior
 12893 | D:11     | Reached skill level 9 in Fighting
 12893 | D:11     | Reached skill level 9 in Dodging
 12893 | D:11     | Reached skill level 9 in Shields
 13337 | D:11     | Found a staircase to the Lair.
 13634 | D:11     | Killed an eight-headed hydra
 13634 | D:11     | Reached XP level 12. HP: 29/86 MP: 3/12
 14558 | D:12     | Noticed a two-headed ogre
 14589 | D:11     | Killed a two-headed ogre
 14981 | D:12     | Noticed Nessos
 14982 | D:12     | Killed Nessos
 14982 | D:12     | Reached skill level 10 in Fighting
 14982 | D:12     | Reached skill level 10 in Dodging
 14982 | D:12     | Reached skill level 10 in Shields
 15205 | D:12     | Found Gikasigu's Gadget Boutique.
 16186 | D:13     | Noticed a centaur warrior
 16191 | D:13     | Noticed a centaur warrior
 16198 | D:13     | Noticed a deep troll earth mage
 16215 | D:13     | Killed from afar by a deep troll earth mage

Levels and vault maps discovered:
D:1:      eino_arrival_cavern_c, layout_basic
D:2:      cheibrodos_helix_gallery, layout_basic, minmay_quantized
D:3:      layout_rooms, cheibrodos_sewer_entry_bend, led_sif_book
D:4:      layout_loops_ring, lemuel_doored_altar, temple_fountains
D:5:      wad_lake_hut, layout_rooms, first_ration, chequers_decorated_corner,
          uniq_menkaure, uniq_eustachio
D:6:      layout_rooms, basic_altar, nicolae_ossuary_entry_catacombs,
          minmay_ruined_shrine
D:7:      kennysheep_big_flooded_room, layout_basic
D:8:      layout_rooms, hangedman_pestilent_swarm, kennysheep_dice, uniq_maurice
D:9:      layout_loops_ring, minmay_orc_entry_guard_dogs, trog_butcher_becter,
          uniq_joseph, uniq_prince_ribbit1
D:10:     layout_basic
D:11:     layout_long_grid, minmay_lair_entry_grove, basic_altar
D:12:     layout_irregular_city, serial_shops, shop, minmay_crystal_room,
          uniq_nessos
D:13:     minmay_the_grid_square_5x5_4x4 [minmay_the_grid_square_5x5_comb,
          minmay_the_grid_square_5x5_three_walls,
          minmay_the_grid_square_5x5_six, minmay_the_grid_square_5x5_tie,
          minmay_the_grid_square_5x5_mess,
          minmay_the_grid_square_5x5_prize_itemx,
          minmay_the_grid_square_5x5_prize_monsterx,
          minmay_the_grid_square_5x5_plus,
          minmay_the_grid_square_5x5_fancy_junction,
          minmay_the_grid_square_5x5_prize_open,
          minmay_the_grid_square_5x5_prize_junk,
          minmay_the_grid_square_5x5_six_small,
          minmay_the_grid_square_5x5_inverted_slash,
          minmay_the_grid_square_5x5_shuriken,
          minmay_the_grid_square_5x5_one_wall,
          minmay_the_grid_square_5x5_hourglass], layout_loops_corners,
          minmay_misc_feat_square
Temple:   grunt_wide_crystal_templ
Sewer:    sewer_fruit_machine
Ossuary:  ossuary_kennysheep_city_of_the_dead

Skill      XL: |  1  2  3  4  5  6  7  8  9 10 11 12 |
---------------+-------------------------------------+-----
Long Blades    | 3 4 5 7 8 7 |  7.9
Shields        | 4 5 6 7 8 9 10 | 10.5
Fighting       | 4 5 6 7 8 9 10 | 10.5
Dodging        | 4 5 6 7 8 9 10 | 10.5

Action                   |  1- 3 |  4- 6 |  7- 9 | 10-12 || total
-------------------------+-------+-------+-------+-------++-------
Melee: Long sword        |    56 |    70 |       |       ||   126
       Constrict         |    14 |    39 |    85 |   107 ||   245
       Tentacles         |     7 |    30 |    91 |   237 ||   365
       Dagger            |       |   109 |   380 |   889 ||  1378
Throw: Javelin           |     1 |       |       |       ||     1
Invok: Sacrifice Artific |       |       |     1 |       ||     1
       Draw Out Power    |       |       |       |     7 ||     7
       Sacrifice Purity  |       |       |       |     1 ||     1
       Apocalypse        |       |       |       |     3 ||     3
       Sacrifice Skill   |       |       |       |     1 ||     1
       Reject Sacrifices |       |       |       |     1 ||     1
  Use: Potion            |       |     1 |     6 |    17 ||    24
       Scroll            |       |       |     2 |     3 ||     5
 Stab: Sleeping          |    11 |     9 |    10 |       ||    30
       Invisible         |       |       |     1 |     4 ||     5
       Distracted        |       |       |       |     2 ||     2
  Eat: Chunk             |       |     7 |    13 |    28 ||    48
       Ration            |       |       |     1 |       ||     1
Armor: Skin              |     6 |    11 |    12 |    12 ||    41
Dodge: Dodged            |    26 |    80 |   164 |   392 ||   662
Block: Shield            |    20 |    77 |   145 |   393 ||   635
       Rpst.: Long sword |    10 |    10 |       |       ||    20

Table legend:
 A = Non-vault XP
 B = Vault XP
 C = Vault XP percentage of total XP
 D = Non-vault monster count
 E = Vault monster count
 F = Vault count percentage of total count
                 A         B        C        D         E       F
            +---------+---------+-------+---------+---------+-------
      Total |   19513 |    8940 |  31.4 |     316 |      98 |  23.7
            +---------+---------+-------+---------+---------+-------
        D:1 |      44 |       0 |   0.0 |      24 |       0 |   0.0
        D:2 |     109 |      88 |  44.7 |      26 |       7 |  21.2
        D:3 |     106 |      87 |  45.1 |      26 |       4 |  13.3
        D:4 |     295 |       0 |   0.0 |      15 |       0 |   0.0
        D:5 |     327 |     383 |  53.9 |      23 |       2 |   8.0
        D:6 |     348 |     551 |  61.3 |      11 |      10 |  47.6
        D:7 |    3317 |     481 |  12.7 |      61 |       3 |   4.7
        D:8 |     697 |     661 |  48.7 |      13 |       6 |  31.6
        D:9 |    1577 |    1330 |  45.8 |      33 |       9 |  21.4
       D:10 |    1340 |       0 |   0.0 |      13 |       0 |   0.0
       D:11 |    7438 |    1473 |  16.5 |      44 |      12 |  21.4
       D:12 |    3095 |    1362 |  30.6 |      22 |       1 |   4.3
       D:13 |     820 |    2174 |  72.6 |       5 |       5 |  50.0
      Sewer |       0 |      77 | 100.0 |       0 |      25 | 100.0
    Ossuary |       0 |     273 | 100.0 |       0 |      14 | 100.0
            +---------+---------+-------+---------+---------+-------
